 Dungeon Crawl Stone Soup version 0.28-a0-1506-g3893175d92 (webtiles) character file.

Game seed: 17616850828912376730

513 murtidash the Magician (level 7, 40/40 HPs)
             Began as a Djinni Ice Elementalist on Jan 13, 2022.
             Was a Follower of Hepliaklqana.
             Quit the game on level 2 of the Dungeon.
             The game lasted 00:10:17 (5489 turns).

murtidash the Magician (Djinni Ice Elementalist)    Turns: 5489, Time: 00:10:18

Health: 40/40      AC:  2    Str:  7    XL:     7   Next: 43%
Gold:   72         EV: 12    Int: 24    God:    Hepliaklqana [*.....] SH:  0 Dex: 14

rFire   + + .      SeeInvis .   a - +0 dagger (venom)
rCold   x . .      Faith    .   (no shield)
rNeg    . . .      Spirit   .   f - +0 robe
rPois   ∞          Reflect  .   (no helmet)
rElec   .          Harm     .   (no cloak)
rCorr   .          Rampage  .   (no gloves)
Will    .....                   (boots unavailable)
Stlth   ++........              (no amulet)
HPRegen 0.13/turn               e - +6 ring of intelligence
MPRegen 0.00/turn               (no ring)

@: flying
A: reduced essence, sickness immunity, fire resistance 2, cold vulnerability 1,
float, innate caster, hp casting, extra vitality 1
a: Renounce Religion, Recall Ancestor, Ancestor Identity


You were on level 2 of the Dungeon.
You worshipped Hepliaklqana.
Hepliaklqana was aware of your devotion.
You visited 2 branches of the dungeon, and saw 6 of its levels.

You collected 138 gold pieces.
You spent 66 gold pieces at shops.

Inventory:

Hand Weapons
 a - a +0 dagger of venom (weapon)
   (You took it off an orc priest on level 4 of the Dungeon)
 b - a +3 spear
   (You took it off a gnoll on level 3 of the Dungeon)
Armour
 f - a +0 robe (worn)
Magical Staves
 q - a staff of poison {rPois}
   (You found it on level 4 of the Dungeon)
Jewellery
 e - a +6 ring of intelligence (left hand)
   (You found it on level 2 of the Dungeon)
Wands
 n - a wand of polymorph (8)
   (You found it on level 3 of the Dungeon)
 p - a wand of paralysis (7)
   (You took it off Ijyb on level 4 of the Dungeon)
Scrolls
 c - 5 scrolls of identify {unknown}
 i - a scroll of holy word {unknown}
 k - a scroll of enchant weapon {unknown}
 l - a scroll of noise {unknown}
 m - a scroll of brand weapon {unknown}
 o - a scroll of acquirement {unknown}
 r - a scroll of fear {unknown}
 s - a scroll of teleportation {unknown}
Potions
 d - 2 potions of berserk rage {unknown}
 g - a potion of flight {unknown}
 h - a potion of heal wounds
 j - a potion of might {unknown}


   Skills:
 - Level 2.1 Dodging
 - Level 1.5 Stealth
 + Level 6.5 Spellcasting


You had 2 spell levels left.
You knew the following spells:

 Your Spells              Type           Power      Damage    Failure   Level
c - Call Imp              Summ           39%        N/A       1%          2
g - Frozen Ramparts       Ice            78%        1d9       1%          3
A - Ozocubu's Armour      Ice            39%        N/A       1%          3
M - Ignite Poison         Fire/Tmut/Pois 39%        N/A       1%          3
U - Animate Skeleton      Necr           78%        N/A       1%          1
X - Hailstorm             Conj/Ice       39%        3d9       4%          4
Z - Freeze                Ice            100%       1d11      1%          1
Your spell library was empty.

Dungeon Overview and Level Annotations

Branches:
Dungeon (5/15)             Temple (1/1) D:5

Altars:
Ashenzari
Cheibriados
Dithmenos
Fedhas
Gozag
Hepliaklqana
Nemelex Xobeh
Qazlal
Ru
Sif Muna
Uskayaw
Vehumet
Wu Jian
Xom
Yredelemnul
Zin

Shops:
D:2 !

Annotations:
D:5 exclusion: oklob sapling


Innate Abilities, Weirdness & Mutations

Your life essence is reduced to manifest your ancestor. (-10% HP)
You are immune to sickness and miasma.
You are immune to poison.
Your flesh is very heat resistant. (rF++)
You are vulnerable to cold. (rC-)
You float through the air rather than walking.
You learn spells naturally, not from books.
Your magical power is your life essence.
You have superior vitality. (+4 MHP)


Message History

You take 1 damage, and have 34/45 hp.
Aim: a hound zombie (severely damaged, ally target)
You freeze the hound zombie.
The hound zombie resists.
The hound zombie completely resists.
The wall freezes the hound zombie but does no damage.
The hound zombie bites you.
Your crimson imp barely misses the hound zombie.
You take 3 damage, and have 31/45 hp.
Aim: a hound zombie (severely damaged, ally target)
You freeze the hound zombie.
The hound zombie resists. x2
The wall freezes the hound zombie.
The hound zombie barely misses you.
Your crimson imp hits the hound zombie.
You take 1 damage, and have 30/45 hp.
Aim: a hound zombie (almost destroyed, ally target)
You freeze the hound zombie.
The hound zombie resists.
You destroy the hound zombie!
You take 1 damage, and have 29/45 hp.
You can't see any susceptible monsters within range! (Use Z to cast anyway.)
Your frozen ramparts will break if you move.
Continue?
Okay, then.
Your frozen ramparts will break if you move.
Continue?
The frozen ramparts melt away as you move.
There is a staircase to the Ecumenical Temple here.
Unknown command.
You fly downwards.
Welcome to the Ecumenical Temple!
Your summoned ally is left behind.
Found three altars.
There is a staircase back to the Dungeon here.
Found a shimmering altar of Xom and a radiant altar of Vehumet.
Health restored: 45
Found a sparkling altar of Nemelex Xobeh.
Found a snail-covered altar of Cheibriados.
Found a hazy altar of Hepliaklqana.
Found a basalt altar of Yredelemnul.
Found a blossoming altar of Fedhas.
Found a shadowy altar of Dithmenos and a shimmering blue altar of Sif Muna.
There is a fountain of clear blue water here.
Found a glowing silver altar of Zin.
There is a glowing silver altar of Zin here.
Done exploring.
Search for what [Enter for "dist", or ? for help]? ma Unknown command.
Search for what [Enter for "ma", or ? for help]? altar Sorry, I don't know how to get there.
There is a staircase back to the Dungeon here.
This staircase leads to a travel-excluded area!
Enter next level anyway?
You fly upwards.
Welcome back to the Dungeon!
Level annotation: exclusion: oklob sapling The oklob sapling spits acid at you.
The splash of acid hits you!! The acid corrodes you!
There is a staircase to the Ecumenical Temple here.
You take 18 damage, and have 27/45 hp.
MASSIVE DAMAGE!!
An oklob sapling is nearby!
(D) Dungeon (T) Temple
Where to? (Enter - Temple @ (x,y), ? - help) Sorry, I don't know how to get there.
(D) Dungeon (T) Temple
Where to? (Enter - Temple @ (x,y), ? - help)
Okay, then.
Search for what [Enter for "altar", or ? for help]? unknow You are no longer corroded.
There is a stone staircase leading up here.
You fly upwards.
There is a stone staircase leading down here.
There is a stone staircase leading up here.
You fly upwards.
There is a stone staircase leading down here.
You see here a +0 dagger.
There is a stone staircase leading up here.
You fly upwards.
There is a stone staircase leading down here.
The eye of devastation turns its gaze towards you.
You see here a +0 dagger.
There is a faded altar of an unknown god here.
Health restored: 45 You cannot tell which god this altar belongs to.
Convert to them anyway?
Okay, then.
You cannot tell which god this altar belongs to.
Convert to them anyway?
Okay, then.
You cannot tell which god this altar belongs to.
Convert to them anyway?
Hepliaklqana accepts your prayer! Hepliaklqana welcomes you!
Hepliaklqana forms a fragment of your life essence into the memory of your ancestor, Amenemopet!
You can now recall your ancestor.
You can now remember your ancestor's identity.
You take 5 damage, and have 40/40 hp.
Remember Amenemopet's name as what?
Amenemopet
Okay, then.
Was Amenemopet a) male, b) female, or c) neither? (Currently female.)
Okay, then.
Okay, then.
Unknown command.
Press < or > to pray at altars.
Done exploring.
Unknown command.
Press < or > to pray at altars.
Okay, then.
Unknown command.
Press < or > to pray at altars.

####...##.......#####..#
#......###.####.#...#.÷#
#.##.......####..<..#..#
#............########..#
#..###...###...........#
##.#G#...#G#.#####...#.#
#.###...###.........#..
#............####...#..
#.....@.R)...# #...#..
#...........## #.###..
#.###...###.# #)# #..
#.#G#...#G#.# #.# #..
#^###...###.# ##.# #.#
#...........####..###.#
##.#.#.#..###.⌠.†.....#
#...#.##.###..∩.######
###.#.##.....⌠.⌠.....#


You could see the friendly Amenemopet the ancestor, 2 eyes of devastation, a
floating eye and a golden eye.

Vanquished Creatures
  A gnoll shaman (D:3)
  4 hounds (D:5)
  2 orc priests
  Ijyb (D:4)
  An iguana (D:4)
  2 orc wizards (D:4)
  A scorpion zombie (D:5)
  A hound zombie (D:5)
  A hound skeleton (D:5)
  5 gnolls (D:3)
  3 adders (D:3)
  2 dart slugs
  6 orcs
  14 ball pythons
  2 endoplasms
  5 giant cockroaches
  A hobgoblin (D:1)
  4 jackals (D:4)
  5 quokkas
  4 bats
  3 frilled lizards
  3 goblins
  6 kobolds
  5 rats
82 creatures vanquished.

Vanquished Creatures (others)
  16 plants
16 creatures vanquished.

Grand Total: 98 creatures vanquished

Notes
Turn   | Place    | Note
-------+----------+-------------------------------------------
     0 | D:1      | murtidash the Djinni Ice Elementalist began the quest for
                  | the Orb.
     0 | D:1      | Reached XP level 1. HP: 15/15 MP: 0/0
   360 | D:1      | Reached XP level 2. HP: 14/21 MP: 0/0
  1130 | D:1      | Reached XP level 3. HP: 24/25 MP: 0/0
  1130 | D:1      | Learned a level 1 spell: Animate Skeleton
  1204 | D:2      | Found a faded altar of an unknown god.
  1205 | D:2      | Noticed an eye of devastation
  1207 | D:2      | Noticed a golden eye
  1207 | D:2      | Noticed a floating eye
  1207 | D:2      | Noticed an eye of devastation
  1327 | D:2      | Reached skill level 4 in Spellcasting
  1420 | D:2      | Found Arituz's Distillery.
  1448 | D:2      | Bought a potion of heal wounds for 55 gold pieces
  1513 | D:2      | Bought a potion of degeneration for 11 gold pieces
  2036 | D:3      | Reached XP level 4. HP: 23/31 MP: 0/0
  2326 | D:3      | Reached XP level 5. HP: 28/35 MP: 0/0
  2326 | D:3      | Learned a level 2 spell: Call Imp
  2337 | D:3      | Reached skill level 5 in Spellcasting
  2985 | D:3      | Found a sacrificial altar of Ru.
  2995 | D:3      | Found an opulent altar of Gozag.
  3185 | D:3      | Found an ornate altar of the Wu Jian Council.
  3191 | D:3      | Reached XP level 6. HP: 17/40 MP: 0/0
  4050 | D:4      | Noticed Ijyb
  4059 | D:4      | Killed Ijyb
  4060 | D:4      | Reached skill level 6 in Spellcasting
  4684 | D:5      | Entered Level 5 of the Dungeon
  4707 | D:5      | Reached XP level 7. HP: 40/45 MP: 0/0
  4707 | D:5      | Learned a level 3 spell: Ignite Poison
  5179 | D:5      | Found a staircase to the Ecumenical Temple.
  5210 | Temple   | Entered the Ecumenical Temple
  5488 | D:2      | Prayed at the altar of an unknown god.
  5488 | D:2      | Became a worshipper of Hepliaklqana the Forgotten
  5488 | D:2      | Reached * piety under Hepliaklqana
  5489 | D:2      | Quit the game

Illustrated notes

Levels and vault maps discovered:
D:1:      lemuel_arrival_tunnels, layout_basic
D:2:      layout_basic, serial_shops, shop_fountains,
          hellmonk_ecumenical_altar_watching_god
D:3:      layout_loops_ring, mainiacjoe_overflow_alcove_4,
          amethyst_overflow_temple_binary, nicolae_grassy_gnolls
D:4:      layout_loops_ring, minivault_11, grunt_ministairs_15,
          kennysheep_small_spiral, minmay_misc_feat_columns, uniq_ijyb
D:5:      layout_cave_pools, elyvilon_altar_3, minmay_temple_entry_oklob,
          serial_gnoll_camp, grums_kennel, gnoll_camp_mini_doghouse,
          gnoll_camp_mini_hut, gnoll_camp_mini_hut, gnoll_camp_mini_loothouse
Temple:   cyrus_circular_temple

Skill      XL: |  1  2  3  4  5  6 |
---------------+-------------------+-----
Spellcasting   | 4 5 6 |  6.5
Dodging        | |  2.1
Stealth        | |  1.5

Action                   |  1- 3 |  4- 6 |  7- 9 || total
-------------------------+-------+-------+-------++-------
Melee: Unarmed           |     2 |       |       ||     2
       Short sword       |     6 |       |       ||     6
       Dagger            |       |     2 |    23 ||    25
 Cast: Freeze            |    59 |    31 |    18 ||   108
       Frozen Ramparts   |       |    20 |     4 ||    24
       Ozocubu's Armour  |       |     1 |       ||     1
       Call Imp          |       |       |     2 ||     2
Invok: Ancestor Identity |       |       |     1 ||     1
Evoke: Wand              |       |       |     3 ||     3
 Stab: Paralysed         |       |       |     7 ||     7
Armor: Robe              |    10 |       |     8 ||    18
Dodge: Dodged            |    42 |     9 |    21 ||    72

Table legend: (Time is in decaauts)
 A = Elapsed time spent in this place.
 B = Non-inter-level travel time spent in this place.
 C = Inter-level travel time spent in this place.
 D = Time resting spent in this place.
 E = Time spent auto-exploring this place.
 F = Levels seen in this place.
 G = Mean time per level.
                   A        B        C        D        E       F      G
               +--------+--------+--------+--------+--------+-----+--------+
         Total |   5488 |   5223 |    265 |    169 |   4465 |   6 |  914.7 |
       Dungeon |   5330 |   5073 |    257 |    169 |   4324 |   5 | 1066.0 |
        Temple |    158 |    150 |      8 |      0 |    141 |   1 |  158.0 |
               +--------+--------+--------+--------+--------+-----+--------+

Top non-repeatable levels by time:
     D:3: 1651 daAuts
     D:4: 1458 daAuts
     D:1: 1170 daAuts
     D:2: 717 daAuts
     D:5: 332 daAuts
  Temple: 158 daAuts

Table legend:
 A = Kills in this place as a percentage of kills in entire the game.
 B = Kills by you in this place as a percentage of kills by you in the entire game.
 C = Kills by friends in this place as a percentage of kills by friends in the entire game.
 D = Other kills in this place as a percentage of other kills in the entire game.
 E = Experience gained in this place as a percentage of experience gained in the entire game.
 F = Experience gained in this place divided by the number of levels of this place that you have seen.
                   A       B       C       D       E      F
               +-------+-------+-------+-------+-------+----------------------
         Total | 100.0 | 100.0 |   N/A |   N/A | 100.0 | 122.2
       Dungeon | 100.0 | 100.0 |   N/A |   N/A | 100.0 | 146.6
               +-------+-------+-------+-------+-------+----------------------
